 Dungeon Crawl Stone Soup version 0.28.0-53-g5a82cb258f (webtiles) character file.

Game seed: 11634174621083963346

686 Sin92 the Cudgeller (level 7, 0/55 HPs)
             Began as a Demonspawn Fighter on June 28, 2022.
             Was a Follower of Okawaru.
             Slain by a rat (3 damage)
             ... on level 5 of the Dungeon.
             The game lasted 00:06:28 (5531 turns).

Sin92 the Cudgeller (Demonspawn Fighter)            Turns: 5531, Time: 00:06:28

Health: 0/55       AC: 13    Str: 18    XL:     7   Next: 35%
Magic:  7/7        EV:  5    Int:  9    God:    Okawaru [*.....]
Gold:   70         SH: 20    Dex: 19    Spells: 6/6 levels left

rFire   . . .      SeeInvis .   a - +1 flail
rCold   . . .      Faith    .   j - +0 kite shield
rNeg    . . .      Spirit   .   k - +1 plate armour
rPois   +          Reflect  .   (no helmet)
rElec   .          Harm     .   (no cloak)
rCorr   .          Rampage  .   i - +0 pair of gloves
Will    .....                   (no boots)
Stlth   ..........              (no amulet)
HPRegen 0.18/turn               d - +6 ring of dexterity
MPRegen 0.10/turn               l - ring of poison resistance

@: no status effects
A: claws 1, large bone plates 2, condensation shield
a: Renounce Religion, Heroism


You were on level 5 of the Dungeon.
You worshipped Okawaru.
Okawaru was aware of your devotion.
You visited 2 branches of the dungeon, and saw 6 of its levels.
You also visited: Sewer.

You collected 252 gold pieces.
You spent 182 gold pieces at shops.

Inventory:

Hand Weapons
 a - a +1 flail (weapon)
Armour
 b - a +0 scale mail
 c - a +0 buckler
 i - a +0 pair of gloves (worn)
 j - a +0 kite shield (worn)
 k - a +1 plate armour (worn)
 n - a +0 leather armour
Jewellery
 d - a +6 ring of dexterity (left hand)
 l - a ring of poison resistance (right hand)
 m - a ring of resist corrosion
Wands
 f - a wand of iceblast (10)
 g - a wand of mindburst (18)
Scrolls
 o - a scroll of brand weapon {unknown}
Potions
 e - a potion of invisibility
 p - a potion of haste


   Skills:
 + Level 4.3 Fighting
 * Level 4.6 Maces & Flails
 + Level 4.0 Armour
 + Level 2.7 Dodging
 + Level 4.0 Shields


You had 6 spell levels left.
You didn't know any spells.
Your spell library contained the following spells:

 Spells                   Type           Power      Damage    Failure   Level
 Foxfire                  Conj/Fire      0%         2x1d4     100%        1
 Static Discharge         Conj/Air       0%         N/A       100%        2
 Conjure Flame            Conj/Fire      0%         6-21      100%        3
 Inner Flame              Hex/Fire       0%         N/A       100%        3
 Ozocubu's Armour         Ice            0%         N/A       100%        3
 Flame Wave               Conj/Fire      0%         2d4       100%        4
 Lightning Bolt           Conj/Air       0%         1d11      100%        5
 Metabolic Englaciation   Hex/Ice        0%         N/A       100%        5
 Maxwell's Capacitive Co  Air            0%         ∞         100%        8
 Simulacrum               Ice/Necr       Unusable   N/A       N/A         6

Dungeon Overview and Level Annotations

Branches:
Dungeon (5/15)             Temple (1/1) D:4           Sewer (visited)

Altars:
Fedhas
Gozag
Hepliaklqana
Kikubaaqudgha
Makhleb
Nemelex Xobeh
Okawaru
Ru
Sif Muna
Trog
Uskayaw
Vehumet
Wu Jian
Xom
Yredelemnul
Zin

Shops:
D:2 [   D:4 *


Innate Abilities, Weirdness & Mutations

You have sharp fingernails.
You are mostly covered in large bone plates. (SH +6)
A meltable shield of frost defends you. (SH +4)


Message History

Deactivating autopickup; reactivate with Ctrl-A.
Something hits you but does no damage. You block the hound's attack.
You miss something. You block the rat's attack.
The orc splashes around in the water.
The hound barely misses you.
A sky beast appears from thin air!
Reactivating autopickup.
You block the sky beast's attack. You block the orc's attack.
You block the rat's attack. The hound bites you but does no damage.
Unknown command.
You closely miss the sky beast.
The sky beast is heavily wounded.
The hound bites you but does no damage. You block the sky beast's attack.
You block the orc's attack. The rat bites you.
* * * LOW HITPOINT WARNING * * *
You block the hound's attack. You block the sky beast's attack.
You closely miss the sky beast.
The sky beast is heavily wounded.
The hound completely misses you. You block the orc's attack.
You block the rat's attack.
The sky beast hits you but does no damage.
You block the hound's attack.
You thump the sky beast!
The sky beast is almost dead.
The rat splashes around in the water.
You block the orc's attack. You block the hound's attack.
The sky beast hits you.
* * * LOW HITPOINT WARNING * * *
The sky beast shocks you.
* * * LOW HITPOINT WARNING * * *
The orc hits you but does no damage. You block the rat's attack.
The hound splashes around in the water.
You closely miss the sky beast.
The sky beast is almost dead.
Your icy envelope is restored.
The hound splashes around in the water.
The sky beast hits you but does no damage.
You block the orc's attack.
The rat splashes around in the water.
The hound bites you but does no damage. The sky beast barely misses you.
It was a potion of magic.
Magic courses through your body.
The hound splashes around in the water.
The rat bites you.
You die...

..# [...h.# ......+
.....## ###
.....#..o
######...#.##..o#.
#@Y≈≈≈.....##.....
#hr≈≈.##.####.Yo..
#≈≈o≈.....{$#o....
#≈≈≈..##.##.#..#..
#≈....##:##§#..#..
###..###.##{#....#
..........)....>.
..........#.......
.o.##....###....###


You could see a sky beast, a hound, an orc and a rat.

Vanquished Creatures
  A hornet zombie (D:5)
  2 kobold brigands
  An orc priest (D:5)
  2 hounds (D:4)
  2 centaur skeletons
  2 iguanas
  An orc wizard (D:5)
  9 adders
  6 river rats
  A worm (D:2)
  A dart slug (D:2)
  14 orcs
  5 endoplasms
  5 giant cockroaches
  5 goblins
  4 hobgoblins
  2 jackals (Sewer)
  A quokka (D:4)
  7 ball pythons
  6 bats
  5 frilled lizards
  13 kobolds
  8 rats
103 creatures vanquished.

Vanquished Creatures (others)
  17 plants
17 creatures vanquished.

Grand Total: 120 creatures vanquished

Notes
Turn   | Place    | Note
-------+----------+-------------------------------------------
     0 | D:1      | Sin92 the Demonspawn Fighter began the quest for the Orb.
     0 | D:1      | Reached XP level 1. HP: 18/18 MP: 1/1
   512 | D:1      | Gained mutation: A meltable shield of frost defends you.
                  | (SH +4) [demonic ancestry]
   512 | D:1      | Reached XP level 2. HP: 21/24 MP: 2/2
  1050 | D:2      | Found Xiolae's Antique Armour Boutique.
  1215 | D:2      | Found a faded altar of an unknown god.
  1238 | D:2      | Reached XP level 3. HP: 9/29 MP: 3/3
  1957 | D:3      | Reached skill level 1 in Dodging
  1957 | D:3      | Gained mutation: You are partially covered in large bone
                  | plates. (SH +4) [demonic ancestry]
  1957 | D:3      | Reached XP level 4. HP: 26/35 MP: 4/4
  2910 | D:4      | Found a staircase to the Ecumenical Temple.
  2916 | D:4      | Found Uravuuh's Assorted Antiques.
  2947 | Temple   | Entered the Ecumenical Temple
  3067 | Temple   | Became a worshipper of Warmaster Okawaru
  3169 | D:4      | Gained mutation: You have sharp fingernails. [demonic
                  | ancestry]
  3169 | D:4      | Reached XP level 5. HP: 41/41 MP: 5/5
  3260 | D:4      | Bought an onyx ring for 130 gold pieces
  3260 | D:4      | Bought a leather armour for 52 gold pieces
  3301 | D:4      | Identified the +1 chain mail of Narrow New Discoveries
                  | {Harm +Blink Int-2}
  3496 | D:4      | Found Itzitwer's Book Shop.
  3667 | D:4      | Identified the +0 scale mail of Fufer {Rampage rF+}
  3734 | D:4      | Reached XP level 6. HP: 33/48 MP: 6/6
  4034 | D:5      | Entered Level 5 of the Dungeon
  4094 | D:5      | Reached * piety under Okawaru
  4126 | D:5      | Noticed a sky beast
  4136 | D:5      | HP: 1/48 [orc priest/divine providence (9)]
  4152 | D:5      | HP: 2/48 [something (6)]
  4158 | D:5      | Found a glowing drain.
  4167 | Sewer    | Entered a sewer
  4850 | Sewer    | Gained mutation: You are mostly covered in large bone
                  | plates. (SH +6) [demonic ancestry]
  4850 | Sewer    | Reached XP level 7. HP: 43/54 MP: 7/7
  5531 | D:5      | Slain by a rat

Illustrated notes

Levels and vault maps discovered:
D:1:      dpeg_arrival_rooms_with_view, layout_loops_ring, serial_bayou_lake_a
D:2:      layout_loops_ring, serial_shops, shop_statue,
          dreamdust_ecumenical_altar_grove
D:3:      layout_basic, minmay_stone_trees_small
D:4:      layout_loops_ring, minmay_temple_entry_glass, serial_shops, shop,
          kennysheep_small_square
D:5:      layout_basic, portal_sewer_entry_b, kennysheep_flooded_box
Temple:   minmay_crystal_snake_temple

Skill      XL: |  1  2  3  4  5  6  7 |
---------------+----------------------+-----
Maces & Flails | 2 3 4 |  4.6
Armour         | 3 4 |  4.0
Shields        | 3 4 |  4.0
Dodging        | 1 2 |  2.7
Fighting       | 4 |  4.3

Action                   |  1- 3 |  4- 6 |  7- 9 || total
-------------------------+-------+-------+-------++-------
Melee: Flail             |   102 |   270 |    93 ||   465
Invok: Heroism           |       |     1 |       ||     1
  Use: Scroll            |       |     5 |       ||     5
       Potion            |       |     7 |     2 ||     9
Armor: Scale mail        |    17 |       |       ||    17
       Plate armour      |    52 |   193 |    77 ||   322
Dodge: Dodged            |    29 |    44 |    25 ||    98
Block: Buckler           |     9 |       |       ||     9
       Kite shield       |    52 |   350 |   124 ||   526
